 Dungeon Crawl Stone Soup version 0.32-a0-350-g4f4d228785 (webtiles) character file.

Game seed: 16456794415955916697

1960 holysushi the Ducker (level 9, -5/74 HPs)
             Began as a Gnoll Monk on Feb 18, 2024.
             Shot with an arrow by a centaur warrior (19 damage)
             ... on level 6 of the Dungeon.
             The game lasted 00:14:51 (8825 turns).

holysushi the Ducker (Gnoll Monk)                   Turns: 8825, Time: 00:14:52

Health: -5/74      AC:  8    Str: 10    XL:     9   Next: 19%
Magic:  15/15      EV: 17    Int:  9    God:
Gold:   230        SH:  0    Dex: 20    Spells: 10/16 levels left

rFire   . . .        v - +3 short sword
rCold   . . .        (no shield)
rNeg    . . .        b - +0 robe
rPois   .            f - +2 hat
rElec   .            (no cloak)
rCorr   .            (no gloves)
SInv    +            (no boots)
Will    .....        (no amulet)
Stlth   +++          g - ring of see invisible
HPRegen 0.32/turn    e - +4 ring of protection
MPRegen 0.14/turn

%: no passive effects
@: no status effects
A: fangs 1, strong nose, distributed training
a: no special abilities


You were on level 6 of the Dungeon.
You visited 1 branch of the dungeon, and saw 7 of its levels.

You collected 230 gold pieces.

Inventory:

Hand Weapons
 a - a +0 spear
 i - a +2 heavy flail
 j - a +3 dagger
 k - a +0 rapier
 v - a +3 short sword (weapon)
 A - a +1 great sword of flaming
Missiles
 l - 2 throwing nets
 t - 19 poisoned darts (quivered)
 y - 6 silver javelins
 B - a boomerang
Armour
 b - a +0 robe (worn)
 d - an orb of light
 f - a +2 hat (worn)
 o - a +0 leather armour
 s - a +1 ring mail of poison resistance
 w - a +1 tower shield
Jewellery
 e - a +4 ring of protection (right hand)
 g - a ring of see invisible (left hand)
 p - a ring of poison resistance
 r - a ring of flight
 C - a ring of protection from cold
Talismans
 m - a flux talisman
 E - a blade talisman
Wands
 V - a wand of flame (24)
Scrolls
 n - a scroll of immolation
 q - a scroll of fog
 u - a scroll of silence
Potions
 c - a potion of ambrosia
 x - 2 potions of enlightenment
 z - a potion of brilliance


   Skills:
 + Level 7.8 Fighting
 + Level 4.1 Short Blades
 + Level 4.1 Long Blades
 + Level 4.1 Axes
 + Level 4.1 Maces & Flails
 + Level 7.8 Polearms
 + Level 4.1 Staves
 + Level 4.1 Ranged Weapons
 + Level 4.1 Throwing
 + Level 4.1 Armour
 + Level 7.8 Dodging
 + Level 4.1 Stealth
 + Level 4.1 Shields
 + Level 4.1 Unarmed Combat
 + Level 4.1 Spellcasting
 + Level 3.4 Conjurations
 + Level 3.4 Hexes
 + Level 3.4 Summonings
 + Level 3.4 Necromancy
 + Level 3.4 Translocations
 + Level 3.4 Fire Magic
 + Level 3.4 Ice Magic
 + Level 3.4 Air Magic
 + Level 3.4 Earth Magic
 + Level 3.4 Alchemy
 + Level 4.5 Invocations
 + Level 4.1 Evocations
 + Level 3.7 Shapeshifting


You had 10 spell levels left.
You knew the following spells:

 Your Spells              Type           Power      Damage    Failure   Level
a - Call Imp              Summ           16%        N/A       10%         2
b - Airstrike             Air            4%         2d(1-17)  54%         4

Your spell library contained the following spells:

 Spells                   Type           Power      Damage    Failure   Level
 Shock                    Conj/Air       32%        1d5       7%          1
 Sublimation of Blood     Necr           8%         N/A       10%         2
 Swiftness                Air            8%         N/A       21%         3
 Summon Hydra             Summ           4%         N/A       100%        7


Dungeon Overview and Level Annotations

Branches:
Dungeon (7/15) Zot: 26139  Temple (0/1) D:4

Altars:
Trog
Zin

Annotations:
D:4 Dowan, Duvessa


Innate Abilities, Weirdness & Mutations

You have very sharp teeth.
Your uncanny sense of smell can sniff out nearby items.
Your experience applies equally to all skills.


Message History

The centaur warrior hits you.
* * * LOW HITPOINT WARNING * * *
The centaur warrior closely misses you.
It was a potion of magic.
Magic courses through your body.
The centaur warrior completely misses you.
The centaur warrior kicks you but does no damage.
Your cerulean imp hits the centaur warrior but does no damage.
You feel better. The centaur warrior hits you.
* * * LOW HITPOINT WARNING * * *
The centaur warrior barely misses you.
Your cerulean imp hits the centaur warrior but does no damage.
The centaur warrior hits you!
* * * LOW HITPOINT WARNING * * *
The centaur warrior kicks you but does no damage.
You feel better.
The centaur warrior closely misses you. x2
Your cerulean imp hits the centaur warrior but does no damage.
You feel better.
The centaur warrior completely misses you.
The centaur warrior kicks you but does no damage.
Your cerulean imp hits the centaur warrior but does no damage.
The centaur warrior completely misses you.
The centaur warrior barely misses you.
Okay, then.
The centaur warrior hits you.
* * * LOW HITPOINT WARNING * * *
The centaur warrior kicks you.
* * * LOW HITPOINT WARNING * * *
Your cerulean imp hits the centaur warrior but does no damage.
You swap places.
The centaur warrior wields a +0 shortbow.
The centaur warrior shoots an arrow.
The arrow hits your cerulean imp!
Your cerulean imp hits the centaur warrior but does no damage.
The centaur warrior unwields a +0 shortbow.
The centaur warrior hits your cerulean imp!
Your cerulean imp dies!
Your cerulean imp disappears in a puff of smoke!
The centaur warrior wields a +0 shortbow.
The centaur warrior shoots an arrow.
The arrow barely misses you.
The centaur warrior shoots an arrow.
The arrow hits you!!
You die...

.#### ####.....### ##.. ....# ###
#..........# #...
....#######.#####.........## ##..
...#######...####..........# #..#
....######...#####........####..#
........##...?####.......####..##
..##..........####.............##
########........#..##..######....
#####.)§...@.###### ##.....
#####.)§.§..### ##......
######)c§...### ##.......
#######.....### #........
#########...### #........
##########.#### #........
##########.#### #........
#########..##### ##.......
#########......### ##......


You could see a centaur warrior.

Vanquished Creatures
  Grinder (D:4)
  Eustachio (D:5)
  A steam dragon (D:7)
  Edmund (D:5)
  Pargi (D:3)
  2 black bears (D:6)
  An ogre (D:5)
  A phantom (D:7)
  Blork the orc (D:4)
  A bullfrog (D:5)
  A scorpion (D:4)
  2 wights
  A bombardier beetle (D:5)
  A howler monkey (D:6)
  A jelly (D:6)
  2 hounds
  A sleepcap (D:5)
  Jessica (D:2)
  3 iguanas
  Terence (D:3)
  2 orc wizards (D:5)
  2 gnolls (D:6)
  7 adders
  2 white imps
  2 ufetubi (D:6)
  4 dart slugs
  2 ribbon worms (D:4)
  8 orcs
  2 bats (D:2)
  4 endoplasms
  5 giant cockroaches
  3 goblins
  8 hobgoblins
  4 jackals (D:1)
  6 kobolds
  A quokka (D:4)
  7 ball pythons
  5 frilled lizards
  7 rats
106 creatures vanquished.

Vanquished Creatures (collateral kills)
  A gnoll (D:6)
1 creature vanquished.

Grand Total: 107 creatures vanquished

Notes
Turn   | Place    | Note
-------+----------+-------------------------------------------
     0 | D:1      | holysushi the Gnoll Monk began the quest for the Orb.
     0 | D:1      | Reached XP level 1. HP: 23/23 MP: 1/1
   121 | D:1      | Reached XP level 2. HP: 29/29 MP: 2/2
   200 | D:1      | Reached XP level 3. HP: 14/35 MP: 3/3
   330 | D:1      | Reached skill level 1 in Invocations
   424 | D:1      | Reached skill level 1 in Short Blades
   424 | D:1      | Reached skill level 1 in Long Blades
   424 | D:1      | Reached skill level 1 in Axes
   424 | D:1      | Reached skill level 1 in Maces & Flails
   424 | D:1      | Reached skill level 1 in Staves
   424 | D:1      | Reached skill level 1 in Ranged Weapons
   424 | D:1      | Reached skill level 1 in Throwing
   424 | D:1      | Reached skill level 1 in Armour
   424 | D:1      | Reached skill level 1 in Stealth
   424 | D:1      | Reached skill level 1 in Shields
   424 | D:1      | Reached skill level 1 in Unarmed Combat
   424 | D:1      | Reached skill level 1 in Spellcasting
   424 | D:1      | Reached skill level 1 in Evocations
   547 | D:1      | Reached skill level 1 in Shapeshifting
   547 | D:1      | Reached XP level 4. HP: 35/41 MP: 5/5
   964 | D:2      | Found a bloodstained altar of Trog.
   993 | D:2      | Reached skill level 1 in Conjurations
   993 | D:2      | Reached skill level 1 in Hexes
   993 | D:2      | Reached skill level 1 in Summonings
   993 | D:2      | Reached skill level 1 in Necromancy
   993 | D:2      | Reached skill level 1 in Translocations
   993 | D:2      | Reached skill level 1 in Fire Magic
   993 | D:2      | Reached skill level 1 in Ice Magic
   993 | D:2      | Reached skill level 1 in Air Magic
   993 | D:2      | Reached skill level 1 in Earth Magic
   993 | D:2      | Reached skill level 1 in Alchemy
  1116 | D:2      | Noticed Jessica
  1124 | D:2      | Killed Jessica
  1129 | D:2      | Noticed Terence
  1167 | D:2      | Reached XP level 5. HP: 45/47 MP: 7/7
  1663 | D:3      | Killed Terence
  2486 | D:4      | Reached XP level 6. HP: 46/53 MP: 7/9
  2523 | D:4      | Found a staircase to the Ecumenical Temple.
  2757 | D:4      | Noticed Blork the orc
  2906 | D:4      | Killed Blork the orc
  3296 | D:4      | Noticed Grinder
  3299 | D:4      | Paralysed by Grinder for 2 turns
  3352 | D:4      | Killed Grinder
  3353 | D:4      | Reached XP level 7. HP: 21/60 MP: 10/10
  3536 | D:4      | You fall into a shaft and drop 1 floor!
  3536 | D:5      | Entered Level 5 of the Dungeon
  3711 | D:4      | Noticed Pargi
  3711 | D:4      | Noticed Dowan
  3712 | D:4      | Noticed Duvessa
  3847 | D:3      | Killed Pargi
  4724 | D:5      | Noticed Eustachio
  4791 | D:5      | Killed Eustachio
  5036 | D:5      | Reached XP level 8. HP: 66/67 MP: 12/12
  5093 | D:5      | Noticed Edmund
  5306 | D:5      | Killed Edmund
  5474 | D:5      | HP: 2/67 [ogre/+0 giant spiked club (21)]
  7036 | D:6      | Learned a level 2 spell: Call Imp
  7041 | D:6      | Learned a level 4 spell: Airstrike
  7332 | D:6      | Found a glowing silver altar of Zin.
  8013 | D:7      | Reached XP level 9. HP: 54/71 MP: 7/14
  8756 | D:7      | Noticed a centaur warrior
  8819 | D:6      | HP: 3/74 [centaur warrior (11)]
  8825 | D:6      | Shot with an arrow by a centaur warrior

Illustrated notes

Levels and vault maps discovered:
D:1:      lightli_arrival_statuegarden, layout_loops_ring, minmay_heptomino_l4
D:2:      layout_rooms, basic_altar, minmay_goblin_kobold_house, uniq_terence,
          uniq_jessica
D:3:      layout_loops_ring
D:4:      layout_layer_cave, minmay_temple_entry_glass,
          kennysheep_generic_room_10, uniq_blork_the_orc, uniq_pargi,
          uniq_grinder, uniq_duvessa
D:5:      layout_rooms, uniq_eustachio, uniq_edmund
D:6:      layout_cave_pods, zin_scriptorium
D:7:      nzn_winding_woodlands_stair_cross [nzn_winding_woodlands_5x15_parted,
          nzn_winding_woodlands_center_pierced_h,
          nzn_winding_woodlands_5x15_zeroes,
          nzn_winding_woodlands_5x5_closed_star,
          nzn_winding_woodlands_5x5_cross, nzn_winding_woodlands_5x15_pool,
          nzn_winding_woodlands_center_diamonds,
          nzn_winding_woodlands_5x15_sidewinder], layout_rooms,
          minmay_overflow_temple_star_quad, uniq_jeremiah

Skill      XL: |  1  2  3  4  5  6  7  8  9 |
---------------+----------------------------+-----
Invocations    | 1 2 3 4 |  4.5
Short Blades   | 1 2 3 4 |  4.1
Long Blades    | 1 2 3 4 |  4.1
Axes           | 1 2 3 4 |  4.1
Maces & Flails | 1 2 3 4 |  4.1
Staves         | 1 2 3 4 |  4.1
Ranged Weapons | 1 2 3 4 |  4.1
Throwing       | 1 2 3 4 |  4.1
Armour         | 1 2 3 4 |  4.1
Stealth        | 1 2 3 4 |  4.1
Shields        | 1 2 3 4 |  4.1
Unarmed Combat | 1 2 3 4 |  4.1
Spellcasting   | 1 2 3 4 |  4.1
Evocations     | 1 2 3 4 |  4.1
Shapeshifting  | 1 2 3 |  3.7
Conjurations   | 1 2 3 |  3.4
Hexes          | 1 2 3 |  3.4
Summonings     | 1 2 3 |  3.4
Necromancy     | 1 2 3 |  3.4
Translocations | 1 2 3 |  3.4
Fire Magic     | 1 2 3 |  3.4
Ice Magic      | 1 2 3 |  3.4
Air Magic      | 1 2 3 |  3.4
Earth Magic    | 1 2 3 |  3.4
Alchemy        | 1 2 3 |  3.4
Fighting       | 7 |  7.8
Polearms       | 7 |  7.8
Dodging        | 7 |  7.8

Action                     |  1- 3 |  4- 6 |  7- 9 || total
---------------------------+-------+-------+-------++-------
  Melee: Spear             |    80 |   263 |    92 ||   435
         Bite              |     9 |    31 |    41 ||    81
         Rapier            |       |       |    52 ||    52
         Dagger            |       |       |   106 ||   106
         Flail             |       |       |    33 ||    33
         Unarmed           |       |       |     5 ||     5
         Short sword       |       |       |    27 ||    27
  Throw: Dart              |       |       |     4 ||     4
         Javelin           |       |       |     2 ||     2
   Cast: Call Imp          |       |       |    27 ||    27
         Airstrike         |       |       |     5 ||     5
  Evoke: Wand              |       |       |     1 ||     1
    Use: Scroll            |       |     8 |     5 ||    13
         Potion            |       |       |     6 ||     6
   Stab: Sleeping          |       |     2 |     4 ||     6
 Armour: Robe              |    17 |     2 |   111 ||   130
         Leather armour    |       |    65 |       ||    65
         Ring mail         |       |       |   258 ||   258
         Skin              |       |       |     1 ||     1
  Dodge: Dodged            |    52 |   105 |   251 ||   408
  Block: Tower shield      |       |    86 |   338 ||   424

Table legend: (Time is in decaauts)
 A = Elapsed time spent in this place.
 B = Non-inter-level travel time spent in this place.
 C = Inter-level travel time spent in this place.
 D = Time resting spent in this place.
 E = Time spent auto-exploring this place.
 F = Levels seen in this place.
 G = Mean time per level.
                   A        B        C        D        E       F      G
               +--------+--------+--------+--------+--------+-----+--------+
         Total |   8934 |   8062 |    872 |   2113 |   3580 |   7 | 1276.3 |
       Dungeon |   8934 |   8062 |    872 |   2113 |   3580 |   7 | 1276.3 |
               +--------+--------+--------+--------+--------+-----+--------+

Top non-repeatable levels by time:
     D:4: 2211 daAuts
     D:6: 1998 daAuts
     D:3: 1798 daAuts
     D:5: 1393 daAuts
     D:1: 867 daAuts
     D:2: 483 daAuts
     D:7: 180 daAuts
